AoeStats
← Sea Shanty 2

Golden Pit

508246922Analyzed
1v1 RM · 12d ago on Sep 21, 2026· 37m 33s· 2 players
Game mode
Random Map
Map size
Tiny (2 player)
Population
200
Speed
Normal
Resources
Standard
Victory
Conquest
Starting age
Dark Age
Ending age
Imperial Age
RankedLock teamsTeams togetherTeam positionsShared explorationLock speedFull tech treeHidden civsTurbo modeCheats
Victory
Defeat
🇬🇧 Franks · United Kingdom
1120
+17
🇫🇷 Tatars · France
1131
-17
Sea Shanty 2
1:45 Loom
9:33 Feudal Age
10:10 Double-Bit Axe
14:54 Forging
21:24 Castle Age
20:13 Scale Barding Armor
22:23 Husbandry
24:37 Gold Mining
26:00 Iron Casting
29:48 Wheelbarrow
28:58 Town Watch
31:16 Fletching
35:13 Imperial Age
34:17 Bodkin Arrow
35:32 Chain Barding Armor
36:18 Conscription
37:55 Hoardings
37:18 Cavalier
hagrond
6:56 Loom
7:12 Loom
10:19 Feudal Age
11:04 Double-Bit Axe
16:00 Wheelbarrow
17:11 Horse Collar
23:44 Castle Age
22:18 Gold Mining
25:42 Fletching
26:44 Bodkin Arrow
29:29 Pikeman
30:10 Squires
29:56 Arson
32:16 Husbandry
32:26 Bloodlines
32:48 Bow Saw
35:49 Ballistics
36:01 Padded Archer Armor
37:25 Leather Archer Armor
Connection lost

Rejoining the realm…

Still unreachable

The connection could not be restored.

Session expired

The server has moved on; the page needs a fresh start.